 Dungeon Crawl Stone Soup version 0.30-a0-168-g0b976cbdc4 (webtiles) character file.

Game seed: 8659791472744147930

86 Sobieck the Cutter (level 4, -4/26 HPs)
             Began as a Kobold Gladiator on Sept 29, 2022.
             Killed from afar by Terence (12 damage)
             ... with a puff of flame
             ... on level 3 of the Dungeon.
             The game lasted 00:04:39 (2887 turns).

Sobieck the Cutter (Kobold Gladiator)               Turns: 2887, Time: 00:04:40

Health: -4/26      AC:  4    Str: 11    XL:     4   Next: 77%
Magic:  4/4        EV: 16    Int:  9    God:
Gold:   112        SH:  0    Dex: 24    Spells: 3/3 levels left

rFire   . . .      SeeInvis .    p - +2 dagger (freeze) {short}
rCold   . . .      Faith    .    (no shield)
rNeg    . . .      Spirit   .    b - +0 leather armour
rPois   +          Reflect  .    c - +0 helmet
rElec   .          Harm     .    (no cloak)
rCorr   .          Rampage  .    (no gloves)
Will    .....                    (no boots)
Stlth   +++.......               (no amulet)
HPRegen 0.08/turn                x - ring of poison resistance
MPRegen 0.09/turn                q - +6 ring of dexterity

@: no status effects
A: small, no large weapons, nightstalker 3
a: no special abilities


You were on level 3 of the Dungeon.
You visited 1 branch of the dungeon, and saw 3 of its levels.

You collected 112 gold pieces.


Innate Abilities, Weirdness & Mutations

You are small and have problems with some larger weapons.
You are completely attuned to the shadows.


   Skills:
 - Level 2.1 Fighting
 + Level 6.8 Short Blades
 - Level 2.1 Throwing
 - Level 3.6 Dodging


You had 3 spell levels left.
You didn't know any spells.
Your spell library contained the following spells:

 Spells                   Type           Power      Damage    Failure   Level
 Portal Projectile        Hex/Tloc       0%         N/A       85%         3
 Tukima's Dance           Hex            0%         N/A       85%         3
 Blade Hands              Tmut           0%         N/A       100%        5

Inventory:

Hand Weapons
 a - a +0 rapier {short}
 o - a +0 rapier {short}
   (You found it on level 2 of the Dungeon)
 p - a +2 dagger of freezing (weapon) {short}
   (You took it off a kobold on level 2 of the Dungeon)
Missiles
 d - 3 throwing nets (quivered) {=f!fthrowing}
 e - 5 boomerangs {throwing}
 i - 37 stones {throwing}
 k - 2 poisoned darts {throwing}
Armour
 b - a +0 leather armour (worn)
 c - a +0 helmet (worn)
 f - a +0 ring mail
   (You found it on level 1 of the Dungeon)
 r - a +0 ring mail
   (You found it on level 2 of the Dungeon)
 v - a +0 robe
   (You found it on level 2 of the Dungeon)
 w - the +2 helmet of the Armadillo {rN+}
   (You found it on level 2 of the Dungeon)

   rN:        It protects you from negative energy.
Magical Staves
 l - a staff of death {!astaff}
   (You found it on level 1 of the Dungeon)
Jewellery
 g - a ring of magical power
   (You found it on level 1 of the Dungeon)
 q - a +6 ring of dexterity (right hand)
   (You found it on level 2 of the Dungeon)
 x - a ring of poison resistance (left hand)
   (You found it on level 2 of the Dungeon)
Scrolls
 j - 4 scrolls of identify {unknown}
 n - 2 scrolls of poison {unknown}
 s - 2 scrolls of torment {unknown}
 t - a scroll of immolation {unknown}
 u - a scroll of acquirement {unknown}
 y - a scroll of blinking {unknown}
 A - a scroll of magic mapping {unknown}
Potions
 h - 2 potions of curing {@q1}
 m - 2 potions of brilliance {unknown}
 z - 2 potions of magic {unknown}
 B - a potion of mutation {unknown}

Dungeon Overview and Level Annotations

Branches:
Dungeon (3/15) Zot: 15140

Altars:
Vehumet

Shops:
D:1 *

Annotations:
D:3 Terence

#####.#.# #.#.#
#.#.# #.#.# #.#.#
#.#.###.#
#........
#..############.#
#..# #.....@@...
#..# #.#######.#
#..####.#
#.....<.#
######.######
.......# ########


You could see Terence.


Message History

You kill the hobgoblin!
No target in view!
Found a radiant altar of Vehumet.
Unknown command.
A frilled lizard comes into view.
Danger!
The helpless frilled lizard fails to defend itself.
You impale the frilled lizard!! You freeze the frilled lizard.
You kill the frilled lizard!
y - a scroll labelled LORUFA EVESUES
z - 2 clear potions (gained 1)
Found a stone staircase leading down.
There is a stone staircase leading down here.
Found a stone staircase leading down.
A bat comes into view.
Danger!
A dart slug comes into view.
The dart slug bites you but does no damage.
You hit the dart slug. You freeze the dart slug.
The bat hits you but does no damage. The dart slug misses you.
You hit the dart slug. You freeze the dart slug.
You kill the dart slug!
You puncture the bat! You freeze the bat.
You kill the bat!
No target in view!
No target in view!
Found a stone staircase leading down.
There is a stone staircase leading down here.
There is a stone staircase leading down here.
You see here a +0 hand axe {axe}.
A - a scroll labelled TUUGO GEOX
B - a fizzy yellow potion Unknown command.
h - 3 ruby potions (gained 1)
A worm comes into view.
Danger!
You hit the worm. You freeze the worm. You hit the worm. You freeze the worm.
You hit the worm. You freeze the worm. You punch the worm. The worm misses you.
You hit the worm. You freeze the worm. You barely miss the worm.
You hit the worm. You freeze the worm.
You kill the worm!
No target in view!
You see here a worm corpse.
A bat comes into view.
Danger!
You hit the bat. You freeze the bat. The bat barely misses you.
The bat hits you but does no damage.
You miss the bat. The bat closely misses you.
The bat hits you but does no damage.
You hit the bat but do no damage. The bat closely misses you.
You hit the bat. You freeze the bat.
You kill the bat!
No target in view!
You see here a bat corpse.
You now have 112 gold pieces (gained 11).
Found a stone staircase leading up.
Unknown command.
There is a stone staircase leading up here.
Terence the Incautious comes into view.
He is wielding a +0 short sword and carrying a wand of flame (22).
Terence shouts!
Danger!
Unknown command.
Unknown command.
It was a potion of curing.
You feel better.
Unknown command.
Terence closely misses you.
Unknown command.
You hit Terence but do no damage. Terence completely misses you.
You hit Terence. You freeze Terence.
Unknown command.
You hit Terence. You freeze Terence. Terence barely misses you.
You hit Terence but do no damage. Terence shouts, "Now you die!"
Terence barely misses you.
Unknown command.
You barely miss Terence. You hit Terence but do no damage.
Terence barely misses you.
You hit Terence. You freeze Terence. Terence misses you.
Unknown command.
You hit Terence but do no damage. Terence hits you with a +0 short sword.
You hit Terence. You freeze Terence.
Unknown command.
You hit Terence. You freeze Terence.
Terence zaps a wand.
The puff of flame hits you.
You barely miss Terence.
Terence zaps a wand.
The puff of flame hits you.
* * * LOW HITPOINT WARNING * * *
You hit Terence but do no damage.
Unknown command.
You hit Terence but do no damage. Terence hits you with a +0 short sword.
* * * LOW HITPOINT WARNING * * *
Unknown command.
You closely miss Terence.
Terence zaps a wand.
The puff of flame hits you!
You die...

Skill      XL: |  1  2  3 |
---------------+----------+-----
Short Blades   | 5 6 |  6.8
Fighting       | |  2.1
Throwing       | |  2.1
Dodging        | |  3.6

Action                   |  1- 3 |  4- 6 || total
-------------------------+-------+-------++-------
Melee: Rapier            |    81 |       ||    81
       Dagger            |    14 |    68 ||    82
       Punch             |       |     2 ||     2
  Use: Potion            |       |     1 ||     1
 Stab: Sleeping          |    13 |     6 ||    19
Armor: Leather armour    |    18 |    17 ||    35
Dodge: Dodged            |    63 |    34 ||    97

Levels and vault maps discovered:
D:1:      psy_arrival_whirlpool, layout_basic, serial_shops, nicolae_shop_stone,
          chequers_serial_rivers_small_b, minmay_misc_feat_four_crosses
D:2:      layout_basic, hellmonk_ecumenical_altar_watching_god
D:3:      layout_loops_ring, mainiacjoe_overflow_small_starburst, uniq_jessica,
          uniq_terence

Notes
Turn   | Place    | Note
-------+----------+-------------------------------------------
     0 | D:1      | Sobieck the Kobold Gladiator began the quest for the Orb.
     0 | D:1      | Reached XP level 1. HP: 12/12 MP: 1/1
   265 | D:1      | Reached XP level 2. HP: 17/17 MP: 2/2
   468 | D:1      | Found Xolog's Assorted Antiques.
   506 | D:1      | Reached skill level 5 in Short Blades
   898 | D:1      | Reached XP level 3. HP: 21/21 MP: 3/3
  1744 | D:2      | Noticed an eye of devastation
  1744 | D:2      | Noticed a floating eye
  1745 | D:2      | Found a faded altar of an unknown god.
  1748 | D:2      | Noticed an eye of devastation
  1753 | D:2      | Noticed an eye of devastation
  1770 | D:2      | Reached skill level 6 in Short Blades
  1816 | D:2      | Reached XP level 4. HP: 26/26 MP: 4/4
  1863 | D:2      | You pick up a book of Weapons and begin reading...
  1863 | D:2      | You add the spells Tukima's Dance, Portal Projectile and
                  | Blade Hands to your library.
  2148 | D:2      | Identified the +2 helmet of the Armadillo {rN+}
  2584 | D:3      | Found a radiant altar of Vehumet.
  2871 | D:3      | Noticed Terence
  2887 | D:3      | Killed from afar by Terence

Vanquished Creatures
  An adder (D:2)
  A worm (D:3)
  3 dart slugs
  12 bats
  7 endoplasms
  5 giant cockroaches
  2 goblins (D:1)
  3 hobgoblins
  8 jackals
  5 kobolds
  4 quokkas
  3 ball pythons
  5 frilled lizards
  5 rats
64 creatures vanquished.

Table legend:
 A = Non-vault XP
 B = Vault XP
 C = Vault XP percentage of total XP
 D = Non-vault monster count
 E = Vault monster count
 F = Vault count percentage of total count
                 A         B        C        D         E       F
            +---------+---------+-------+---------+---------+-------
      Total |     123 |       0 |   0.0 |      64 |       0 |   0.0
            +---------+---------+-------+---------+---------+-------
        D:1 |      49 |       0 |   0.0 |      28 |       0 |   0.0
        D:2 |      48 |       0 |   0.0 |      24 |       0 |   0.0
        D:3 |      26 |       0 |   0.0 |      12 |       0 |   0.0
            +---------+---------+-------+---------+---------+-------

Illustrated notes

Table legend:
 A = Kills in this place as a percentage of kills in entire the game.
 B = Kills by you in this place as a percentage of kills by you in the entire game.
 C = Kills by friends in this place as a percentage of kills by friends in the entire game.
 D = Other kills in this place as a percentage of other kills in the entire game.
 E = Experience gained in this place as a percentage of experience gained in the entire game.
 F = Experience gained in this place divided by the number of levels of this place that you have seen.
                   A       B       C       D       E      F
               +-------+-------+-------+-------+-------+----------------------
         Total | 100.0 | 100.0 |   N/A |   N/A | 100.0 |  41.0
       Dungeon | 100.0 | 100.0 |   N/A |   N/A | 100.0 |  41.0
               +-------+-------+-------+-------+-------+----------------------

Table legend: (Time is in decaauts)
 A = Elapsed time spent in this place.
 B = Non-inter-level travel time spent in this place.
 C = Inter-level travel time spent in this place.
 D = Time resting spent in this place.
 E = Time spent auto-exploring this place.
 F = Levels seen in this place.
 G = Mean time per level.
                   A        B        C        D        E       F      G
               +--------+--------+--------+--------+--------+-----+--------+
         Total |   2859 |   2819 |     40 |    445 |   2029 |   3 |  953.0 |
       Dungeon |   2859 |   2819 |     40 |    445 |   2029 |   3 |  953.0 |
               +--------+--------+--------+--------+--------+-----+--------+

Top non-repeatable levels by time:
     D:1: 1652 daAuts
     D:2: 745 daAuts
     D:3: 461 daAuts
